Map: [ESL] Ancient Cistern

Players

MacSed

  • Race: Protoss Protoss
  • Spawn Location: 1:00

GogojOey - Winner!

  • Race: Zerg Zerg
  • Spawn Location: 7:00

Event: ESL SC2 Masters 2023 Summer (Regionals)

VOD

Have the link to the VOD?

Description

Time

  • Played on: May 10, 2023, 7:54 a.m.
  • Length: 17:40

All games in this series

Show
View Real Time Build Order
Export as new Build Order

MacSed Protoss 

Build Orders: 1 Gate Expand, Oracle Opening, Zealot Archon, Archon Drop 

Get SALT Encoding   

  12  0:00  Probe  
  13  0:12  Probe  
  14  0:20  Pylon  
  14  0:24  Probe  
  15  0:38  Probe (Chrono Boost)  
  15  0:40  Gateway  
  16  0:47  Probe (Chrono Boost)  
  16  0:49  Assimilator  
  17  0:52  Probe (Chrono Boost)  
  18  1:04  Probe  
  19  1:16  Probe  
  20  1:27  Nexus  
  20  1:37  Cybernetics Core  
  20  1:40  Probe  
  20  1:45  Assimilator  
  21  1:52  Probe  
  22  1:55  Pylon  
  22  2:06  Probe  
  23  2:11  Adept (Chrono Boost)  
  23  2:13  Warp Gate  
  25  2:18  Probe  
  26  2:25  Stargate  
  26  2:31  Probe (Chrono Boost)  
  26  2:33  Stalker (Chrono Boost)  
  29  2:40  Probe (Chrono Boost)  
  31  2:48  Probe (Chrono Boost)  
  31  2:49  Probe (Chrono Boost)  
  32  2:54  Probe x2 (Chrono Boost)  
  32  2:56  Adept  
  36  3:06  Probe  
  36  3:07  Probe  
  36  3:09  Oracle  
  41  3:17  Pylon  
  41  3:18  Probe  
  41  3:19  Probe  
  43  3:28  Gateway  
  43  3:30  Probe  
  43  3:31  Probe  
  45  3:42  Probe  
  45  3:43  Probe  
  47  3:54  Nexus, Probe  
  48  3:56  Pylon  
  48  3:59  Probe  
  49  4:06  Probe  
  49  4:08  Twilight Council  
  50  4:11  Probe, Forge  
  50  4:15  Protoss Ground Weapons Level 1, Assimilator  
  51  4:18  Probe, Assimilator  
  51  4:24  Probe  
  53  4:27  Pylon  
  53  4:29  Robotics Facility  
  53  4:31  Probe  
  54  4:36  Probe  
  55  4:40  Charge (Chrono Boost)  
  56  4:50  Gateway  
  56  4:52  Gateway  
  55  4:55  Gateway  
  55  4:57  Gateway  
  55  4:59  Gateway  
  55  5:04  Gateway  
  55  5:09  Templar Archives  
  55  5:13  Warp Prism (Chrono Boost)  
  55  5:18  Probe  
  55  5:19  Probe x2  
  60  5:23  Pylon  
  60  5:30  Zealot x2  
  60  5:31  Probe  
  60  5:34  Probe x2  
  67  5:38  Shield Battery  
  67  5:42  Observer  
  68  5:43  Probe  
  68  5:46  Probe  
  70  5:50  Probe  
  70  5:55  Probe  
  72  5:57  High Templar x4  
  72  5:58  Zealot x3  
  72  6:01  Zealot, Archon x2  
  72  6:03  Probe  
  89  6:09  Probe x2  
  89  6:11  Pylon  
  91  6:12  Pylon  
  91  6:14  Pylon  
  91  6:21  Zealot  
  93  6:29  Probe  
  94  6:34  Immortal (Chrono Boost)  
  94  6:36  Robotics Bay  
  98  6:42  Zealot x5  
  98  6:43  Zealot x2  
  112  6:51  Robotics Facility  
  110  7:01  Probe  
  97  7:07  Probe  
  84  7:10  Immortal (Chrono Boost), Shield Battery  
  84  7:12  Probe, Shield Battery  
  87  7:16  High Templar x2, Zealot  
  87  7:17  Zealot x3  
  87  7:20  Probe  
  87  7:21  Archon, Assimilator  
  100  7:23  Assimilator  
  100  7:25  Pylon  
  100  7:34  Shield Battery  
  100  7:36  Shield Battery  
  100  7:38  Zealot x5  
  100  7:39  Disruptor (Chrono Boost)  
  113  7:45  Probe  
  113  7:48  Probe  
  113  7:50  Disruptor  
  118  7:54  Zealot x3  
  124  7:59  Blink  
  124  8:01  Probe  
  124  8:02  Pylon  
  124  8:03  Pylon  
  125  8:06  Phoenix (Chrono Boost)  
  125  8:10  Disruptor  
  124  8:13  Probe  
  124  8:14  Photon Cannon  
  124  8:18  Shield Battery  
  123  8:24  Phoenix  
  125  8:28  Stargate, Photon Cannon  
  125  8:29  Pylon, Stalker  
  123  8:41  Photon Cannon  
  123  8:45  Disruptor  
  123  8:48  Zealot x3  
  128  8:49  Phoenix  
  132  8:57  Pylon  
  132  9:04  Extended Thermal Lance  
  132  9:14  Phoenix, Nexus  
  132  9:16  Pylon  
  134  9:17  Pylon  
  134  9:23  Disruptor  
  131  9:37  Zealot x8  
  147  9:39  Probe  
  147  9:40  Probe  
  147  9:41  Shield Battery  
  128  9:57  Stalker x5  
  125  10:00  Probe x2  
  127  10:08  Disruptor x2  
  127  10:10  Probe  
  134  10:22  High Templar x3  
  134  10:23  High Templar  
  134  10:25  Probe  
  134  10:26  Probe  
  134  10:27  Archon x2  
  144  10:41  Zealot x4  
  143  10:48  Phoenix  
  143  10:49  Phoenix  
  147  10:50  Probe x2  
  147  10:52  Photon Cannon, Assimilator  
  147  10:53  Assimilator  
  147  10:55  Probe  
  146  11:00  Photon Cannon  
  146  11:04  Pylon  
  146  11:05  Stalker x4  
  146  11:06  Stalker x2  
  146  11:08  Warp Prism (Chrono Boost)  
  158  11:15  Probe x2  
  162  11:19  Phoenix x2  
  142  11:33  Stalker x5  
  142  11:35  Disruptor  
  142  11:52  Stalker x3  
  144  11:59  Disruptor  
  147  12:04  Probe  
  148  12:10  Disruptor, High Templar  
  148  12:11  High Templar x3  
  159  12:16  Archon x2, Photon Cannon  
  159  12:18  Zealot x4, Shield Battery  
  159  12:22  Protoss Ground Weapons Level 2 (Chrono Boost)  
  167  12:26  Shield Battery  
  167  12:32  Gateway  
  167  12:33  Gateway  
  161  12:42  Zealot x4  
  160  12:49  Zealot x4  
  168  13:01  Observer  
  168  13:02  Observer  
  168  13:05  Zealot x4  
  161  13:22  Disruptor x2  
  159  13:28  Stalker x3  
  159  13:32  Zealot x7  
  170  13:53  Zealot x3  
  170  13:54  Zealot x5  
  174  13:58  Disruptor x2 (Chrono Boost)  
  178  14:05  High Templar  
  178  14:08  Pylon  
  180  14:12  Pylon  
  178  14:28  Nexus  
  178  14:29  Pylon  
  178  14:30  Pylon, Colossus (Chrono Boost)  
  178  14:32  Zealot x7  
  192  14:44  High Templar  
  192  14:45  High Templar  
  196  14:49  Pylon x2, Archon  
  196  14:52  Pylon  
  196  14:53  Pylon  
  174  15:03  Nexus  
  174  15:04  Pylon  
  174  15:05  Pylon  
  147  15:15  High Templar x3  
  147  15:16  High Templar x3  
  147  15:19  High Templar  
  161  15:21  Archon x2  
  161  15:22  Archon  
  161  15:28  Pylon  
  159  15:34  Zealot x3  
  164  15:48  Pylon  
  159  15:50  Nexus  
  159  15:55  High Templar  
  159  15:56  High Templar x5  
  170  16:00  Archon  
  170  16:01  Archon x2  
  170  16:03  Zealot x4  
  178  16:08  Photon Cannon  
  178  16:10  Archon  
  178  16:11  Observer (Chrono Boost), Shield Battery  
  170  16:23  Immortal (Chrono Boost)  
  170  16:24  Stalker x4  
  139  16:33  Photon Cannon  
  137  16:42  Dark Shrine  
  137  16:44  High Templar  
  135  16:48  High Templar x2  
  135  16:51  High Templar  
  141  16:56  Archon x2  
  91  17:21  Stalker x2  
  88  17:28  High Templar x2  
  88  17:32  Archon  
Show
View Real Time Build Order
Export as new Build Order

GogojOey Zerg - Winner!

Build Orders: Hatch First 

Get SALT Encoding   

  12  0:00  Drone  
  13  0:12  Overlord  
  13  0:17  Drone  
  14  0:30  Drone x2  
  16  0:47  Drone x2  
  18  0:54  Hatchery  
  17  0:58  Drone  
  17  1:02  Extractor  
  17  1:13  Spawning Pool  
  17  1:15  Drone  
  17  1:19  Drone  
  18  1:29  Drone  
  19  1:38  Drone  
  20  1:49  Drone  
  21  2:00  Zergling x2  
  22  2:05  Metabolic Boost  
  22  2:06  Queen  
  22  2:07  Queen  
  22  2:08  Zergling x2  
  27  2:10  Overlord  
  27  2:21  Drone  
  28  2:30  Hatchery  
  28  2:34  Drone  
  28  2:38  Drone x2  
  30  2:46  Queen  
  30  2:51  Overlord  
  32  2:55  Drone  
  32  2:56  Drone  
  34  3:00  Drone  
  34  3:02  Drone  
  36  3:10  Queen  
  38  3:15  Drone x3  
  38  3:18  Drone  
  42  3:21  Overlord  
  42  3:26  Queen  
  44  3:38  Overlord  
  44  3:41  Drone x5  
  48  3:45  Spore Crawler  
  48  3:49  Drone x2  
  48  3:50  Drone  
  48  3:54  Drone  
  52  3:58  Overlord  
  52  4:03  Drone x3  
  52  4:04  Spore Crawler  
  52  4:06  Queen  
  55  4:13  Drone x3  
  58  4:18  Drone x3  
  58  4:19  Drone  
  58  4:20  Spore Crawler  
  58  4:22  Drone  
  62  4:29  Roach Warren  
  62  4:30  Drone x3  
  64  4:35  Drone x3  
  67  4:39  Drone x3  
  70  4:46  Lair  
  70  4:47  Overlord  
  70  4:48  Drone  
  70  4:50  Zergling x4  
  70  4:51  Overlord  
  73  4:55  Overlord  
  73  4:59  Extractor  
  72  5:00  Extractor  
  72  5:03  Drone  
  72  5:05  Overlord  
  72  5:06  Drone  
  73  5:10  Hatchery  
  73  5:13  Drone x5  
  77  5:14  Extractor  
  77  5:15  Extractor, Evolution Chamber  
  77  5:18  Drone  
  77  5:19  Drone x2  
  77  5:20  Roach x2  
  81  5:26  Drone x2  
  81  5:27  Overlord  
  83  5:36  Roach x2  
  83  5:38  Roach  
  83  5:42  Spine Crawler  
  88  5:46  Overlord  
  88  5:47  Roach x6  
  88  5:48  Glial Reconstitution  
  100  5:52  Zergling x2  
  101  6:01  Roach x2  
  105  6:04  Queen x2  
  105  6:05  Overlord x2  
  105  6:06  Roach  
  105  6:11  Roach  
  112  6:14  Overlord  
  112  6:17  Roach  
  112  6:33  Roach  
  112  6:34  Roach x11  
  134  6:50  Roach  
  134  6:51  Roach x4  
  133  7:01  Roach  
  133  7:02  Roach x4  
  133  7:07  Drone x3  
  133  7:08  Drone x4  
  144  7:14  Overlord x2  
  144  7:18  Overseer  
  144  7:19  Overlord x2  
  144  7:23  Extractor  
  144  7:24  Spire, Queen  
  144  7:26  Overlord  
  144  7:31  Overlord  
  144  7:32  Drone  
  144  7:33  Drone  
  146  7:38  Zerg Missile Weapons Level 1  
  146  7:39  Drone x2  
  146  7:42  Drone x7  
  155  7:49  Drone x2, Hatchery  
  155  7:50  Drone x3  
  157  8:01  Extractor  
  157  8:05  Extractor  
  152  8:11  Drone  
  152  8:12  Drone x3  
  153  8:13  Drone  
  153  8:14  Overseer  
  153  8:16  Drone x4  
  153  8:17  Drone x2  
  160  8:28  Drone x3, Hatchery  
  160  8:29  Evolution Chamber  
  160  8:30  Baneling Nest  
  160  8:38  Overlord x2  
  160  8:40  Hatchery  
  157  8:52  Drone, Spore Crawler  
  157  8:53  Drone  
  157  8:54  Roach x2, Spine Crawler x2, Zergling x32  
  176  8:58  Zerg Melee Weapons Level 1  
  176  8:59  Infestation Pit  
  175  9:07  Roach x3, Zergling x14  
  188  9:15  Zergling x12  
  188  9:16  Zergling x2  
  195  9:17  Ravager  
  195  9:18  Ravager  
  195  9:19  Spore Crawler x2  
  190  9:36  Roach x6  
  186  9:50  Roach x16, Zergling x2  
  194  9:57  Roach x5, Zergling x4  
  181  10:00  Hive  
  177  10:07  Roach x2, Zergling x4  
  177  10:08  Roach x2, Zergling x2  
  177  10:13  Ravager  
  177  10:14  Mutalisk x3  
  195  10:28  Drone x2  
  197  10:29  Drone x3  
  158  10:43  Roach x6, Zergling x32  
  158  10:49  Roach x5, Zergling x2  
  193  10:53  Roach x2  
  193  10:55  Zerg Missile Weapons Level 2  
  193  10:57  Zerg Melee Weapons Level 2  
  186  11:05  Centrifugal Hooks  
  186  11:06  Roach x3, Zergling x4  
  192  11:23  Roach x6, Zergling x12  
  189  11:36  Roach x3  
  178  11:49  Roach x13, Zergling x6  
  178  11:50  Zergling x4  
  176  12:02  Adrenal Glands  
  176  12:03  Overlord x2  
  176  12:04  Overlord x5  
  176  12:13  Spore Crawler  
  176  12:14  Overlord x3  
  175  12:22  Queen x2  
  177  12:26  Roach x10, Zergling x4  
  181  12:40  Roach, Zergling x2  
  181  12:41  Roach x2, Zergling x20  
  155  12:52  Roach x8, Zergling x2  
  155  12:54  Ravager x6  
  155  12:55  Ravager  
  155  12:56  Ravager  
  155  12:57  Ravager  
  181  13:00  Ravager x2  
  181  13:02  Roach x3  
  189  13:08  Spine Crawler  
  161  13:28  Zergling x46  
  161  13:29  Drone x7  
  178  13:37  Zergling x16  
  176  13:58  Roach, Zergling x32  
  176  13:59  Zerg Melee Weapons Level 3  
  188  14:12  Roach x3, Zergling x12  
  200  14:18  Ultralisk Cavern  
  200  14:19  Baneling x20  
  200  14:20  Baneling x3  
  198  14:24  Zergling x2  
  196  14:37  Baneling x13  
  194  14:40  Hatchery  
  192  14:48  Zergling x16  
  179  15:06  Hatchery  
  169  15:08  Chitinous Plating  
  166  15:15  Ultralisk  
  166  15:16  Ultralisk x3  
  166  15:19  Zerg Flyer Weapons Level 1  
  190  15:27  Baneling x5  
  190  15:28  Zergling x16  
  191  15:41  Ultralisk, Zergling x8  
  199  15:55  Baneling x7  
  197  16:03  Spore Crawler  
  196  16:04  Baneling  
  196  16:05  Baneling x15  
  196  16:06  Zergling x6  
  181  16:27  Anabolic Synthesis  
  181  16:30  Ultralisk x3, Zergling x6  
  197  16:48  Zergling x2  
  197  16:49  Zergling x4  
  179  17:10  Zergling x30  
  179  17:14  Zergling x10  
  179  17:15  Zergling x12  
  197  17:28  Spine Crawler  
  197  17:29  Spine Crawler  
  200  17:38  Spine Crawler  
  200  17:39  Spine Crawler x2  
Tags
 
Add a new tag
Caveats
  • Supply blocks, unpowered buildings, or Contaminate may cause inaccurate times.
  • Supply counts are checked every 10 seconds.